Workbook

Sheet relatorio - Eleva Cidade Jardim
A1: CÃ³digo da empresa | B1: Empresa | C1: CÃ³digo do empreendimento | D1: Empreendimento | E1: Unidade Principal | F1: NÃºmero do contrato | G1: Nome do Cliente | H1: CPF/CNPJ cliente | I1: Nome do Cliente SecundÃ¡rio | J1: CPF/CNPJ cliente secundÃ¡rio | K1: Nome do Avalista | L1: CPF/CNPJ do Avalista | M1: Telefone do Avalista | N1: TÃ­tulo | O1: Tipo de parcela | P1: NÃºmero da parcela | Q1: Data de vencimento | R1: Valor original | S1: Valor corrigido | T1: Pro rata | U1: Juros | V1: Multa | W1: Valor total | X1: Data de pagamento | Y1: Valor de pagamento | Z1: STATUS | AA1: =TODAY() -> 45594
A2: 11 | B2: CJ AMARILIS RESIDENCIAL SPE LTDA | C2: 14 | D2: Eleva Cidade Jardim | E2: 1 | F2: 1 | G2: GABRIEL ALVES DA COSTA | H2: 434.674.070-72 | I2: RENATA CAMPETTI AMARAL | J2: 917.645.130-53 | N2: 504 | O2: Parcelas Mensais | P2: 7 | Q2: 45565 | R2: 5000 | S2: 5156.37 | T2: 0 | U2: 0 | V2: 0 | W2: 5156.37 | Z2: =IF(X2>0,"Paga",IF(Q2>$AA$1,"A vencer","Em atraso")) -> Em atraso
A3: 11 | B3: CJ AMARILIS RESIDENCIAL SPE LTDA | C3: 14 | D3: Eleva Cidade Jardim | E3: 1 | F3: 1 | G3: GABRIEL ALVES DA COSTA | H3: 434.674.070-72 | I3: RENATA CAMPETTI AMARAL | J3: 917.645.130-53 | N3: 504 | O3: Parcela Ãšnica | P3: 8 | Q3: 45565 | R3: 500000 | S3: 515637.02 | T3: 0 | U3: 0 | V3: 0 | W3: 515637.02 | Z3: =IF(X3>0,"Paga",IF(Q3>$AA$1,"A vencer","Em atraso")) -> Em atraso
A4: 11 | B4: CJ AMARILIS RESIDENCIAL SPE LTDA | C4: 14 | D4: Eleva Cidade Jardim | E4: 1 | F4: 1 | G4: GABRIEL ALVES DA COSTA | H4: 434.674.070-72 | I4: RENATA CAMPETTI AMARAL | J4: 917.645.130-53 | N4: 504 | O4: Parcelas Mensais | P4: 9 | Q4: 45595 | R4: 10000 | S4: 10312.74 | T4: 0 | U4: 0 | V4: 0 | W4: 10312.74 | Z4: =IF(X4>0,"Paga",IF(Q4>$AA$1,"A vencer","Em atraso")) -> A vencer
A5: 11 | B5: CJ AMARILIS RESIDENCIAL SPE LTDA | C5: 14 | D5: Eleva Cidade Jardim | E5: 1 | F5: 1 | G5: GABRIEL ALVES DA COSTA | H5: 434.674.070-72 | I5: RENATA CAMPETTI AMARAL | J5: 917.645.130-53 | N5: 504 | O5: Parcelas Mensais | P5: 10 | Q5: 45626 | R5: 10000 | S5: 10312.74 | T5: 0 | U5: 0 | V5: 0 | W5: 10312.74 | Z5: =IF(X5>0,"Paga",IF(Q5>$AA$1,"A vencer","Em atraso")) -> A vencer
A6: 11 | B6: CJ AMARILIS RESIDENCIAL SPE LTDA | C6: 14 | D6: Eleva Cidade Jardim | E6: 1 | F6: 1 | G6: GABRIEL ALVES DA COSTA | H6: 434.674.070-72 | I6: RENATA CAMPETTI AMARAL | J6: 917.645.130-53 | N6: 504 | O6: Parcelas Mensais | P6: 11 | Q6: 45656 | R6: 10000 | S6: 10312.74 | T6: 0 | U6: 0 | V6: 0 | W6: 10312.74 | Z6: =IF(X6>0,"Paga",IF(Q6>$AA$1,"A vencer","Em atraso")) -> A vencer
A7: 11 | B7: CJ AMARILIS RESIDENCIAL SPE LTDA | C7: 14 | D7: Eleva Cidade Jardim | E7: 1 | F7: 1 | G7: GABRIEL ALVES DA COSTA | H7: 434.674.070-72 | I7: RENATA CAMPETTI AMARAL | J7: 917.645.130-53 | N7: 504 | O7: Parcelas Mensais | P7: 12 | Q7: 45687 | R7: 10000 | S7: 10312.74 | T7: 0 | U7: 0 | V7: 0 | W7: 10312.74 | Z7: =IF(X7>0,"Paga",IF(Q7>$AA$1,"A vencer","Em atraso")) -> A vencer
A8: 11 | B8: CJ AMARILIS RESIDENCIAL SPE LTDA | C8: 14 | D8: Eleva Cidade Jardim | E8: 1 | F8: 1 | G8: GABRIEL ALVES DA COSTA | H8: 434.674.070-72 | I8: RENATA CAMPETTI AMARAL | J8: 917.645.130-53 | N8: 504 | O8: Parcelas Mensais | P8: 13 | Q8: 45716 | R8: 10000 | S8: 10312.74 | T8: 0 | U8: 0 | V8: 0 | W8: 10312.74 | Z8: =IF(X8>0,"Paga",IF(Q8>$AA$1,"A vencer","Em atraso")) -> A vencer
A9: 11 | B9: CJ AMARILIS RESIDENCIAL SPE LTDA | C9: 14 | D9: Eleva Cidade Jardim | E9: 1 | F9: 1 | G9: GABRIEL ALVES DA COSTA | H9: 434.674.070-72 | I9: RENATA CAMPETTI AMARAL | J9: 917.645.130-53 | N9: 504 | O9: Parcela Ãšnica | P9: 14 | Q9: 45716 | R9: 1000000 | S9: 1031274 | T9: 0 | U9: 0 | V9: 0 | W9: 1031274 | Z9: =IF(X9>0,"Paga",IF(Q9>$AA$1,"A vencer","Em atraso")) -> A vencer
A10: 11 | B10: CJ AMARILIS RESIDENCIAL SPE LTDA | C10: 14 | D10: Eleva Cidade Jardim | E10: 1 | F10: 1 | G10: GABRIEL ALVES DA COSTA | H10: 434.674.070-72 | I10: RENATA CAMPETTI AMARAL | J10: 917.645.130-53 | N10: 504 | O10: Parcelas Mensais | P10: 15 | Q10: 45746 | R10: 10000 | S10: 10312.74 | T10: 0 | U10: 0 | V10: 0 | W10: 10312.74 | Z10: =IF(X10>0,"Paga",IF(Q10>$AA$1,"A vencer","Em atraso")) -> A vencer
A11: 11 | B11: CJ AMARILIS RESIDENCIAL SPE LTDA | C11: 14 | D11: Eleva Cidade Jardim | E11: 1 | F11: 1 | G11: GABRIEL ALVES DA COSTA | H11: 434.674.070-72 | I11: RENATA CAMPETTI AMARAL | J11: 917.645.130-53 | N11: 504 | O11: Parcelas Mensais | P11: 16 | Q11: 45777 | R11: 10000 | S11: 10312.74 | T11: 0 | U11: 0 | V11: 0 | W11: 10312.74 | Z11: =IF(X11>0,"Paga",IF(Q11>$AA$1,"A vencer","Em atraso")) -> A vencer
A12: 11 | B12: CJ AMARILIS RESIDENCIAL SPE LTDA | C12: 14 | D12: Eleva Cidade Jardim | E12: 1 | F12: 1 | G12: GABRIEL ALVES DA COSTA | H12: 434.674.070-72 | I12: RENATA CAMPETTI AMARAL | J12: 917.645.130-53 | N12: 504 | O12: Parcelas Mensais | P12: 17 | Q12: 45807 | R12: 10000 | S12: 10312.74 | T12: 0 | U12: 0 | V12: 0 | W12: 10312.74 | Z12: =IF(X12>0,"Paga",IF(Q12>$AA$1,"A vencer","Em atraso")) -> A vencer
A13: 11 | B13: CJ AMARILIS RESIDENCIAL SPE LTDA | C13: 14 | D13: Eleva Cidade Jardim | E13: 1 | F13: 1 | G13: GABRIEL ALVES DA COSTA | H13: 434.674.070-72 | I13: RENATA CAMPETTI AMARAL | J13: 917.645.130-53 | N13: 504 | O13: Parcelas Mensais | P13: 18 | Q13: 45838 | R13: 10000 | S13: 10312.74 | T13: 0 | U13: 0 | V13: 0 | W13: 10312.74 | Z13: =IF(X13>0,"Paga",IF(Q13>$AA$1,"A vencer","Em atraso")) -> A vencer
... A36: 11 | B36: CJ AMARILIS RESIDENCIAL SPE LTDA | C36: 14 | D36: Eleva Cidade Jardim | E36: 1 | F36: 1 | G36: GABRIEL ALVES DA COSTA | H36: 434.674.070-72 | I36: RENATA CAMPETTI AMARAL | J36: 917.645.130-53 | N36: 504 | O36: Parcelas Mensais | P36: 41 | Q36: 46505 | R36: 1000 | S36: 1031.27 | T36: 0 | U36: 0 | V36: 0 | W36: 1031.27 | Z36: =IF(X36>0,"Paga",IF(Q36>$AA$1,"A vencer","Em atraso")) -> A vencer
A37: 11 | B37: CJ AMARILIS RESIDENCIAL SPE LTDA | C37: 14 | D37: Eleva Cidade Jardim | E37: 1 | F37: 1 | G37: GABRIEL ALVES DA COSTA | H37: 434.674.070-72 | I37: RENATA CAMPETTI AMARAL | J37: 917.645.130-53 | N37: 504 | O37: Ato | P37: 1 | Q37: 45417 | R37: 175000 | S37: 0 | T37: 0 | U37: 0 | V37: 0 | W37: 0 | X37: 45412 | Y37: 175000 | Z37: =IF(X37>0,"Paga",IF(Q37>$AA$1,"A vencer","Em atraso")) -> Paga
A38: 11 | B38: CJ AMARILIS RESIDENCIAL SPE LTDA | C38: 14 | D38: Eleva Cidade Jardim | E38: 1 | F38: 1 | G38: GABRIEL ALVES DA COSTA | H38: 434.674.070-72 | I38: RENATA CAMPETTI AMARAL | J38: 917.645.130-53 | N38: 504 | O38: Parcelas Mensais | P38: 2 | Q38: 45442 | R38: 5000 | S38: 0 | T38: 0 | U38: 0 | V38: 0 | W38: 0 | X38: 45440 | Y38: 5014 | Z38: =IF(X38>0,"Paga",IF(Q38>$AA$1,"A vencer","Em atraso")) -> Paga
A39: 11 | B39: CJ AMARILIS RESIDENCIAL SPE LTDA | C39: 14 | D39: Eleva Cidade Jardim | E39: 1 | F39: 1 | G39: GABRIEL ALVES DA COSTA | H39: 434.674.070-72 | I39: RENATA CAMPETTI AMARAL | J39: 917.645.130-53 | N39: 504 | O39: Parcelas Mensais | P39: 3 | Q39: 45473 | R39: 5000 | S39: 0 | T39: 0 | U39: 0 | V39: 0 | W39: 0 | X39: 45474 | Y39: 5014 | Z39: =IF(X39>0,"Paga",IF(Q39>$AA$1,"A vencer","Em atraso")) -> Paga
A40: 11 | B40: CJ AMARILIS RESIDENCIAL SPE LTDA | C40: 14 | D40: Eleva Cidade Jardim | E40: 1 | F40: 1 | G40: GABRIEL ALVES DA COSTA | H40: 434.674.070-72 | I40: RENATA CAMPETTI AMARAL | J40: 917.645.130-53 | N40: 504 | O40: Parcelas Mensais | P40: 4 | Q40: 45503 | R40: 5000 | S40: 0 | T40: 0 | U40: 0 | V40: 0 | W40: 0 | X40: 45504 | Y40: 5083.42 | Z40: =IF(X40>0,"Paga",IF(Q40>$AA$1,"A vencer","Em atraso")) -> Paga
A41: 11 | B41: CJ AMARILIS RESIDENCIAL SPE LTDA | C41: 14 | D41: Eleva Cidade Jardim | E41: 1 | F41: 1 | G41: GABRIEL ALVES DA COSTA | H41: 434.674.070-72 | I41: RENATA CAMPETTI AMARAL | J41: 917.645.130-53 | N41: 504 | O41: Parcela Ãšnica | P41: 5 | Q41: 45503 | R41: 175000 | S41: 0 | T41: 0 | U41: 0 | V41: 0 | W41: 0 | X41: 45504 | Y41: 177919.61 | Z41: =IF(X41>0,"Paga",IF(Q41>$AA$1,"A vencer","Em atraso")) -> Paga
A42: 11 | B42: CJ AMARILIS RESIDENCIAL SPE LTDA | C42: 14 | D42: Eleva Cidade Jardim | E42: 1 | F42: 1 | G42: GABRIEL ALVES DA COSTA | H42: 434.674.070-72 | I42: RENATA CAMPETTI AMARAL | J42: 917.645.130-53 | N42: 504 | O42: Parcelas Mensais | P42: 6 | Q42: 45534 | R42: 5000 | S42: 0 | T42: 0 | U42: 0 | V42: 0 | W42: 0 | X42: 45532 | Y42: 5119.51 | Z42: =IF(X42>0,"Paga",IF(Q42>$AA$1,"A vencer","Em atraso")) -> Paga
A43: 11 | B43: CJ AMARILIS RESIDENCIAL SPE LTDA | C43: 14 | D43: Eleva Cidade Jardim | E43: 5 | F43: 5 | G43: JOSE ROBERTO CANTO PORTO | H43: 144.377.568-19 | I43: RENATA MALTA CANTO PORTO | J43: 281.928.238-57 | N43: 529 | O43: Parcelas Mensais | P43: 2 | Q43: 45595 | R43: 120000 | S43: 120000 | T43: 0 | U43: 0 | V43: 0 | W43: 120000 | Z43: =IF(X43>0,"Paga",IF(Q43>$AA$1,"A vencer","Em atraso")) -> A vencer
A44: 11 | B44: CJ AMARILIS RESIDENCIAL SPE LTDA | C44: 14 | D44: Eleva Cidade Jardim | E44: 5 | F44: 5 | G44: JOSE ROBERTO CANTO PORTO | H44: 144.377.568-19 | I44: RENATA MALTA CANTO PORTO | J44: 281.928.238-57 | N44: 529 | O44: Parcelas Mensais | P44: 3 | Q44: 45626 | R44: 120000 | S44: 120000 | T44: 0 | U44: 0 | V44: 0 | W44: 120000 | Z44: =IF(X44>0,"Paga",IF(Q44>$AA$1,"A vencer","Em atraso")) -> A vencer
A45: 11 | B45: CJ AMARILIS RESIDENCIAL SPE LTDA | C45: 14 | D45: Eleva Cidade Jardim | E45: 5 | F45: 5 | G45: JOSE ROBERTO CANTO PORTO | H45: 144.377.568-19 | I45: RENATA MALTA CANTO PORTO | J45: 281.928.238-57 | N45: 529 | O45: Parcelas Mensais | P45: 4 | Q45: 45656 | R45: 120000 | S45: 120000 | T45: 0 | U45: 0 | V45: 0 | W45: 120000 | Z45: =IF(X45>0,"Paga",IF(Q45>$AA$1,"A vencer","Em atraso")) -> A vencer
A46: 11 | B46: CJ AMARILIS RESIDENCIAL SPE LTDA | C46: 14 | D46: Eleva Cidade Jardim | E46: 5 | F46: 5 | G46: JOSE ROBERTO CANTO PORTO | H46: 144.377.568-19 | I46: RENATA MALTA CANTO PORTO | J46: 281.928.238-57 | N46: 529 | O46: Parcelas Mensais | P46: 5 | Q46: 45687 | R46: 120000 | S46: 120000 | T46: 0 | U46: 0 | V46: 0 | W46: 120000 | Z46: =IF(X46>0,"Paga",IF(Q46>$AA$1,"A vencer","Em atraso")) -> A vencer
A47: 11 | B47: CJ AMARILIS RESIDENCIAL SPE LTDA | C47: 14 | D47: Eleva Cidade Jardim | E47: 5 | F47: 5 | G47: JOSE ROBERTO CANTO PORTO | H47: 144.377.568-19 | I47: RENATA MALTA CANTO PORTO | J47: 281.928.238-57 | N47: 529 | O47: Parcelas Semestrais | P47: 6 | Q47: 45687 | R47: 425000 | S47: 425000 | T47: 0 | U47: 0 | V47: 0 | W47: 425000 | Z47: =IF(X47>0,"Paga",IF(Q47>$AA$1,"A vencer","Em atraso")) -> A vencer
A48: 11 | B48: CJ AMARILIS RESIDENCIAL SPE LTDA | C48: 14 | D48: Eleva Cidade Jardim | E48: 5 | F48: 5 | G48: JOSE ROBERTO CANTO PORTO | H48: 144.377.568-19 | I48: RENATA MALTA CANTO PORTO | J48: 281.928.238-57 | N48: 529 | O48: Parcelas Mensais | P48: 7 | Q48: 45716 | R48: 120000 | S48: 120000 | T48: 0 | U48: 0 | V48: 0 | W48: 120000 | Z48: =IF(X48>0,"Paga",IF(Q48>$AA$1,"A vencer","Em atraso")) -> A vencer
A49: 11 | B49: CJ AMARILIS RESIDENCIAL SPE LTDA | C49: 14 | D49: Eleva Cidade Jardim | E49: 5 | F49: 5 | G49: JOSE ROBERTO CANTO PORTO | H49: 144.377.568-19 | I49: RENATA MALTA CANTO PORTO | J49: 281.928.238-57 | N49: 529 | O49: Parcelas Mensais | P49: 8 | Q49: 45746 | R49: 120000 | S49: 120000 | T49: 0 | U49: 0 | V49: 0 | W49: 120000 | Z49: =IF(X49>0,"Paga",IF(Q49>$AA$1,"A vencer","Em atraso")) -> A vencer
A50: 11 | B50: CJ AMARILIS RESIDENCIAL SPE LTDA | C50: 14 | D50: Eleva Cidade Jardim | E50: 5 | F50: 5 | G50: JOSE ROBERTO CANTO PORTO | H50: 144.377.568-19 | I50: RENATA MALTA CANTO PORTO | J50: 281.928.238-57 | N50: 529 | O50: Parcelas Mensais | P50: 9 | Q50: 45777 | R50: 120000 | S50: 120000 | T50: 0 | U50: 0 | V50: 0 | W50: 120000 | Z50: =IF(X50>0,"Paga",IF(Q50>$AA$1,"A vencer","Em atraso")) -> A vencer
A51: 11 | B51: CJ AMARILIS RESIDENCIAL SPE LTDA | C51: 14 | D51: Eleva Cidade Jardim | E51: 5 | F51: 5 | G51: JOSE ROBERTO CANTO PORTO | H51: 144.377.568-19 | I51: RENATA MALTA CANTO PORTO | J51: 281.928.238-57 | N51: 529 | O51: Parcelas Mensais | P51: 10 | Q51: 45807 | R51: 120000 | S51: 120000 | T51: 0 | U51: 0 | V51: 0 | W51: 120000 | Z51: =IF(X51>0,"Paga",IF(Q51>$AA$1,"A vencer","Em atraso")) -> A vencer
A52: 11 | B52: CJ AMARILIS RESIDENCIAL SPE LTDA | C52: 14 | D52: Eleva Cidade Jardim | E52: 5 | F52: 5 | G52: JOSE ROBERTO CANTO PORTO | H52: 144.377.568-19 | I52: RENATA MALTA CANTO PORTO | J52: 281.928.238-57 | N52: 529 | O52: Parcelas Mensais | P52: 11 | Q52: 45838 | R52: 120000 | S52: 120000 | T52: 0 | U52: 0 | V52: 0 | W52: 120000 | Z52: =IF(X52>0,"Paga",IF(Q52>$AA$1,"A vencer","Em atraso")) -> A vencer
A53: 11 | B53: CJ AMARILIS RESIDENCIAL SPE LTDA | C53: 14 | D53: Eleva Cidade Jardim | E53: 5 | F53: 5 | G53: JOSE ROBERTO CANTO PORTO | H53: 144.377.568-19 | I53: RENATA MALTA CANTO PORTO | J53: 281.928.238-57 | N53: 529 | O53: Parcelas Mensais | P53: 12 | Q53: 45868 | R53: 120000 | S53: 120000 | T53: 0 | U53: 0 | V53: 0 | W53: 120000 | Z53: =IF(X53>0,"Paga",IF(Q53>$AA$1,"A vencer","Em atraso")) -> A vencer
A54: 11 | B54: CJ AMARILIS RESIDENCIAL SPE LTDA | C54: 14 | D54: Eleva Cidade Jardim | E54: 5 | F54: 5 | G54: JOSE ROBERTO CANTO PORTO | H54: 144.377.568-19 | I54: RENATA MALTA CANTO PORTO | J54: 281.928.238-57 | N54: 529 | O54: Parcelas Semestrais | P54: 13 | Q54: 45868 | R54: 425000 | S54: 425000 | T54: 0 | U54: 0 | V54: 0 | W54: 425000 | Z54: =IF(X54>0,"Paga",IF(Q54>$AA$1,"A vencer","Em atraso")) -> A vencer
... A81: 11 | B81: CJ AMARILIS RESIDENCIAL SPE LTDA | C81: 14 | D81: Eleva Cidade Jardim | E81: 5 | F81: 5 | G81: JOSE ROBERTO CANTO PORTO | H81: 144.377.568-19 | I81: RENATA MALTA CANTO PORTO | J81: 281.928.238-57 | N81: 529 | O81: Parcelas Mensais | P81: 40 | Q81: 46658 | R81: 1000 | S81: 1000 | T81: 0 | U81: 0 | V81: 0 | W81: 1000 | Z81: =IF(X81>0,"Paga",IF(Q81>$AA$1,"A vencer","Em atraso")) -> A vencer
A82: 11 | B82: CJ AMARILIS RESIDENCIAL SPE LTDA | C82: 14 | D82: Eleva Cidade Jardim | E82: 5 | F82: 5 | G82: JOSE ROBERTO CANTO PORTO | H82: 144.377.568-19 | I82: RENATA MALTA CANTO PORTO | J82: 281.928.238-57 | N82: 529 | O82: Ato | P82: 1 | Q82: 45545 | R82: 422660 | S82: 0 | T82: 0 | U82: 0 | V82: 0 | W82: 0 | X82: 45545 | Y82: 422660 | Z82: =IF(X82>0,"Paga",IF(Q82>$AA$1,"A vencer","Em atraso")) -> Paga
A83: 11 | B83: CJ AMARILIS RESIDENCIAL SPE LTDA | C83: 14 | D83: Eleva Cidade Jardim | E83: 4 | F83: 4 | G83: PAULO RICARDO WESTIN MARCON | H83: 088.955.556-78 | I83: VERONICA VALENTINI | J83: 409.581.828-09 | N83: 497 | O83: Parcelas Mensais | P83: 8 | Q83: 45565 | R83: 33000 | S83: 34076.28 | T83: 0 | U83: 0 | V83: 0 | W83: 34076.28 | Z83: =IF(X83>0,"Paga",IF(Q83>$AA$1,"A vencer","Em atraso")) -> Em atraso
A84: 11 | B84: CJ AMARILIS RESIDENCIAL SPE LTDA | C84: 14 | D84: Eleva Cidade Jardim | E84: 4 | F84: 4 | G84: PAULO RICARDO WESTIN MARCON | H84: 088.955.556-78 | I84: VERONICA VALENTINI | J84: 409.581.828-09 | N84: 497 | O84: Parcelas Mensais | P84: 9 | Q84: 45595 | R84: 33000 | S84: 34076.28 | T84: 0 | U84: 0 | V84: 0 | W84: 34076.28 | Z84: =IF(X84>0,"Paga",IF(Q84>$AA$1,"A vencer","Em atraso")) -> A vencer
A85: 11 | B85: CJ AMARILIS RESIDENCIAL SPE LTDA | C85: 14 | D85: Eleva Cidade Jardim | E85: 4 | F85: 4 | G85: PAULO RICARDO WESTIN MARCON | H85: 088.955.556-78 | I85: VERONICA VALENTINI | J85: 409.581.828-09 | N85: 497 | O85: Parcelas Mensais | P85: 10 | Q85: 45626 | R85: 33000 | S85: 34076.28 | T85: 0 | U85: 0 | V85: 0 | W85: 34076.28 | Z85: =IF(X85>0,"Paga",IF(Q85>$AA$1,"A vencer","Em atraso")) -> A vencer
A86: 11 | B86: CJ AMARILIS RESIDENCIAL SPE LTDA | C86: 14 | D86: Eleva Cidade Jardim | E86: 4 | F86: 4 | G86: PAULO RICARDO WESTIN MARCON | H86: 088.955.556-78 | I86: VERONICA VALENTINI | J86: 409.581.828-09 | N86: 497 | O86: Parcelas Mensais | P86: 11 | Q86: 45656 | R86: 33000 | S86: 34076.28 | T86: 0 | U86: 0 | V86: 0 | W86: 34076.28 | Z86: =IF(X86>0,"Paga",IF(Q86>$AA$1,"A vencer","Em atraso")) -> A vencer
A87: 11 | B87: CJ AMARILIS RESIDENCIAL SPE LTDA | C87: 14 | D87: Eleva Cidade Jardim | E87: 4 | F87: 4 | G87: PAULO RICARDO WESTIN MARCON | H87: 088.955.556-78 | I87: VERONICA VALENTINI | J87: 409.581.828-09 | N87: 497 | O87: Parcelas Mensais | P87: 12 | Q87: 45687 | R87: 33000 | S87: 34076.28 | T87: 0 | U87: 0 | V87: 0 | W87: 34076.28 | Z87: =IF(X87>0,"Paga",IF(Q87>$AA$1,"A vencer","Em atraso")) -> A vencer
A88: 11 | B88: CJ AMARILIS RESIDENCIAL SPE LTDA | C88: 14 | D88: Eleva Cidade Jardim | E88: 4 | F88: 4 | G88: PAULO RICARDO WESTIN MARCON | H88: 088.955.556-78 | I88: VERONICA VALENTINI | J88: 409.581.828-09 | N88: 497 | O88: Parcelas Mensais | P88: 13 | Q88: 45716 | R88: 33000 | S88: 34076.28 | T88: 0 | U88: 0 | V88: 0 | W88: 34076.28 | Z88: =IF(X88>0,"Paga",IF(Q88>$AA$1,"A vencer","Em atraso")) -> A vencer
A89: 11 | B89: CJ AMARILIS RESIDENCIAL SPE LTDA | C89: 14 | D89: Eleva Cidade Jardim | E89: 4 | F89: 4 | G89: PAULO RICARDO WESTIN MARCON | H89: 088.955.556-78 | I89: VERONICA VALENTINI | J89: 409.581.828-09 | N89: 497 | O89: Parcelas Mensais | P89: 14 | Q89: 45746 | R89: 33000 | S89: 34076.28 | T89: 0 | U89: 0 | V89: 0 | W89: 34076.28 | Z89: =IF(X89>0,"Paga",IF(Q89>$AA$1,"A vencer","Em atraso")) -> A vencer
A90: 11 | B90: CJ AMARILIS RESIDENCIAL SPE LTDA | C90: 14 | D90: Eleva Cidade Jardim | E90: 4 | F90: 4 | G90: PAULO RICARDO WESTIN MARCON | H90: 088.955.556-78 | I90: VERONICA VALENTINI | J90: 409.581.828-09 | N90: 497 | O90: Parcela Ãšnica | P90: 15 | Q90: 45746 | R90: 400000 | S90: 413045.88 | T90: 0 | U90: 0 | V90: 0 | W90: 413045.88 | Z90: =IF(X90>0,"Paga",IF(Q90>$AA$1,"A vencer","Em atraso")) -> A vencer
A91: 11 | B91: CJ AMARILIS RESIDENCIAL SPE LTDA | C91: 14 | D91: Eleva Cidade Jardim | E91: 4 | F91: 4 | G91: PAULO RICARDO WESTIN MARCON | H91: 088.955.556-78 | I91: VERONICA VALENTINI | J91: 409.581.828-09 | N91: 497 | O91: Parcelas Mensais | P91: 16 | Q91: 45777 | R91: 33000 | S91: 34076.28 | T91: 0 | U91: 0 | V91: 0 | W91: 34076.28 | Z91: =IF(X91>0,"Paga",IF(Q91>$AA$1,"A vencer","Em atraso")) -> A vencer
A92: 11 | B92: CJ AMARILIS RESIDENCIAL SPE LTDA | C92: 14 | D92: Eleva Cidade Jardim | E92: 4 | F92: 4 | G92: PAULO RICARDO WESTIN MARCON | H92: 088.955.556-78 | I92: VERONICA VALENTINI | J92: 409.581.828-09 | N92: 497 | O92: Parcelas Mensais | P92: 17 | Q92: 45807 | R92: 33000 | S92: 34076.28 | T92: 0 | U92: 0 | V92: 0 | W92: 34076.28 | Z92: =IF(X92>0,"Paga",IF(Q92>$AA$1,"A vencer","Em atraso")) -> A vencer
A93: 11 | B93: CJ AMARILIS RESIDENCIAL SPE LTDA | C93: 14 | D93: Eleva Cidade Jardim | E93: 4 | F93: 4 | G93: PAULO RICARDO WESTIN MARCON | H93: 088.955.556-78 | I93: VERONICA VALENTINI | J93: 409.581.828-09 | N93: 497 | O93: Parcelas Mensais | P93: 18 | Q93: 45838 | R93: 33000 | S93: 34076.28 | T93: 0 | U93: 0 | V93: 0 | W93: 34076.28 | Z93: =IF(X93>0,"Paga",IF(Q93>$AA$1,"A vencer","Em atraso")) -> A vencer
A94: 11 | B94: CJ AMARILIS RESIDENCIAL SPE LTDA | C94: 14 | D94: Eleva Cidade Jardim | E94: 4 | F94: 4 | G94: PAULO RICARDO WESTIN MARCON | H94: 088.955.556-78 | I94: VERONICA VALENTINI | J94: 409.581.828-09 | N94: 497 | O94: Parcelas Mensais | P94: 19 | Q94: 45868 | R94: 33000 | S94: 34076.28 | T94: 0 | U94: 0 | V94: 0 | W94: 34076.28 | Z94: =IF(X94>0,"Paga",IF(Q94>$AA$1,"A vencer","Em atraso")) -> A vencer
... A115: 11 | B115: CJ AMARILIS RESIDENCIAL SPE LTDA | C115: 14 | D115: Eleva Cidade Jardim | E115: 4 | F115: 4 | G115: PAULO RICARDO WESTIN MARCON | H115: 088.955.556-78 | I115: VERONICA VALENTINI | J115: 409.581.828-09 | N115: 497 | O115: Parcelas Mensais | P115: 40 | Q115: 46474 | R115: 1000 | S115: 1032.61 | T115: 0 | U115: 0 | V115: 0 | W115: 1032.61 | Z115: =IF(X115>0,"Paga",IF(Q115>$AA$1,"A vencer","Em atraso")) -> A vencer
A116: 11 | B116: CJ AMARILIS RESIDENCIAL SPE LTDA | C116: 14 | D116: Eleva Cidade Jardim | E116: 4 | F116: 4 | G116: PAULO RICARDO WESTIN MARCON | H116: 088.955.556-78 | I116: VERONICA VALENTINI | J116: 409.581.828-09 | N116: 497 | O116: Ato | P116: 1 | Q116: 45380 | R116: 343700 | S116: 0 | T116: 0 | U116: 0 | V116: 0 | W116: 0 | X116: 45387 | Y116: 334700 | Z116: =IF(X116>0,"Paga",IF(Q116>$AA$1,"A vencer","Em atraso")) -> Paga
A117: 11 | B117: CJ AMARILIS RESIDENCIAL SPE LTDA | C117: 14 | D117: Eleva Cidade Jardim | E117: 4 | F117: 4 | G117: PAULO RICARDO WESTIN MARCON | H117: 088.955.556-78 | I117: VERONICA VALENTINI | J117: 409.581.828-09 | N117: 497 | O117: Ato | P117: 1 | Q117: 45380 | R117: 343700 | S117: 0 | T117: 0 | U117: 0 | V117: 0 | W117: 0 | X117: 45406 | Y117: 9000 | Z117: =IF(X117>0,"Paga",IF(Q117>$AA$1,"A vencer","Em atraso")) -> Paga
A118: 11 | B118: CJ AMARILIS RESIDENCIAL SPE LTDA | C118: 14 | D118: Eleva Cidade Jardim | E118: 4 | F118: 4 | G118: PAULO RICARDO WESTIN MARCON | H118: 088.955.556-78 | I118: VERONICA VALENTINI | J118: 409.581.828-09 | N118: 497 | O118: Parcelas Mensais | P118: 2 | Q118: 45387 | R118: 33000 | S118: 0 | T118: 0 | U118: 0 | V118: 0 | W118: 0 | X118: 45387 | Y118: 33000 | Z118: =IF(X118>0,"Paga",IF(Q118>$AA$1,"A vencer","Em atraso")) -> Paga
A119: 11 | B119: CJ AMARILIS RESIDENCIAL SPE LTDA | C119: 14 | D119: Eleva Cidade Jardim | E119: 4 | F119: 4 | G119: PAULO RICARDO WESTIN MARCON | H119: 088.955.556-78 | I119: VERONICA VALENTINI | J119: 409.581.828-09 | N119: 497 | O119: Parcelas Mensais | P119: 3 | Q119: 45412 | R119: 33000 | S119: 0 | T119: 0 | U119: 0 | V119: 0 | W119: 0 | X119: 45414 | Y119: 33042.9 | Z119: =IF(X119>0,"Paga",IF(Q119>$AA$1,"A vencer","Em atraso")) -> Paga
A120: 11 | B120: CJ AMARILIS RESIDENCIAL SPE LTDA | C120: 14 | D120: Eleva Cidade Jardim | E120: 4 | F120: 4 | G120: PAULO RICARDO WESTIN MARCON | H120: 088.955.556-78 | I120: VERONICA VALENTINI | J120: 409.581.828-09 | N120: 497 | O120: Parcelas Mensais | P120: 4 | Q120: 45442 | R120: 33000 | S120: 0 | T120: 0 | U120: 0 | V120: 0 | W120: 0 | X120: 45446 | Y120: 33135.42 | Z120: =IF(X120>0,"Paga",IF(Q120>$AA$1,"A vencer","Em atraso")) -> Paga
A121: 11 | B121: CJ AMARILIS RESIDENCIAL SPE LTDA | C121: 14 | D121: Eleva Cidade Jardim | E121: 4 | F121: 4 | G121: PAULO RICARDO WESTIN MARCON | H121: 088.955.556-78 | I121: VERONICA VALENTINI | J121: 409.581.828-09 | N121: 497 | O121: Parcelas Mensais | P121: 5 | Q121: 45473 | R121: 33000 | S121: 0 | T121: 0 | U121: 0 | V121: 0 | W121: 0 | X121: 45476 | Y121: 33307.72 | Z121: =IF(X121>0,"Paga",IF(Q121>$AA$1,"A vencer","Em atraso")) -> Paga
A122: 11 | B122: CJ AMARILIS RESIDENCIAL SPE LTDA | C122: 14 | D122: Eleva Cidade Jardim | E122: 4 | F122: 4 | G122: PAULO RICARDO WESTIN MARCON | H122: 088.955.556-78 | I122: VERONICA VALENTINI | J122: 409.581.828-09 | N122: 497 | O122: Parcelas Mensais | P122: 6 | Q122: 45503 | R122: 33000 | S122: 0 | T122: 0 | U122: 0 | V122: 0 | W122: 0 | X122: 45504 | Y122: 33594.17 | Z122: =IF(X122>0,"Paga",IF(Q122>$AA$1,"A vencer","Em atraso")) -> Paga
A123: 11 | B123: CJ AMARILIS RESIDENCIAL SPE LTDA | C123: 14 | D123: Eleva Cidade Jardim | E123: 4 | F123: 4 | G123: PAULO RICARDO WESTIN MARCON | H123: 088.955.556-78 | I123: VERONICA VALENTINI | J123: 409.581.828-09 | N123: 497 | O123: Parcelas Mensais | P123: 7 | Q123: 45534 | R123: 33000 | S123: 0 | T123: 0 | U123: 0 | V123: 0 | W123: 0 | X123: 45538 | Y123: 33832.69 | Z123: =IF(X123>0,"Paga",IF(Q123>$AA$1,"A vencer","Em atraso")) -> Paga
A124: 11 | B124: CJ AMARILIS RESIDENCIAL SPE LTDA | C124: 14 | D124: Eleva Cidade Jardim | E124: 2 | F124: 2 | G124: RAFAEL PAIVA POPPE DO VALLE | H124: 102.493.287-71 | I124: DEBORA SANTOS POPPE DO VALLE | J124: 112.605.187-01 | N124: 498 | O124: Parcelas Mensais | P124: 7 | Q124: 45560 | R124: 15000 | S124: 15469.11 | T124: 0 | U124: 0 | V124: 0 | W124: 15469.11 | Z124: =IF(X124>0,"Paga",IF(Q124>$AA$1,"A vencer","Em atraso")) -> Em atraso
A125: 11 | B125: CJ AMARILIS RESIDENCIAL SPE LTDA | C125: 14 | D125: Eleva Cidade Jardim | E125: 2 | F125: 2 | G125: RAFAEL PAIVA POPPE DO VALLE | H125: 102.493.287-71 | I125: DEBORA SANTOS POPPE DO VALLE | J125: 112.605.187-01 | N125: 498 | O125: Parcelas Mensais | P125: 8 | Q125: 45590 | R125: 15000 | S125: 15469.11 | T125: 0 | U125: 0 | V125: 0 | W125: 15469.11 | Z125: =IF(X125>0,"Paga",IF(Q125>$AA$1,"A vencer","Em atraso")) -> Em atraso
A126: 11 | B126: CJ AMARILIS RESIDENCIAL SPE LTDA | C126: 14 | D126: Eleva Cidade Jardim | E126: 2 | F126: 2 | G126: RAFAEL PAIVA POPPE DO VALLE | H126: 102.493.287-71 | I126: DEBORA SANTOS POPPE DO VALLE | J126: 112.605.187-01 | N126: 498 | O126: Parcelas Mensais | P126: 9 | Q126: 45621 | R126: 15000 | S126: 15469.11 | T126: 0 | U126: 0 | V126: 0 | W126: 15469.11 | Z126: =IF(X126>0,"Paga",IF(Q126>$AA$1,"A vencer","Em atraso")) -> A vencer
A127: 11 | B127: CJ AMARILIS RESIDENCIAL SPE LTDA | C127: 14 | D127: Eleva Cidade Jardim | E127: 2 | F127: 2 | G127: RAFAEL PAIVA POPPE DO VALLE | H127: 102.493.287-71 | I127: DEBORA SANTOS POPPE DO VALLE | J127: 112.605.187-01 | N127: 498 | O127: Parcelas Mensais | P127: 10 | Q127: 45651 | R127: 15000 | S127: 15469.11 | T127: 0 | U127: 0 | V127: 0 | W127: 15469.11 | Z127: =IF(X127>0,"Paga",IF(Q127>$AA$1,"A vencer","Em atraso")) -> A vencer
A128: 11 | B128: CJ AMARILIS RESIDENCIAL SPE LTDA | C128: 14 | D128: Eleva Cidade Jardim | E128: 2 | F128: 2 | G128: RAFAEL PAIVA POPPE DO VALLE | H128: 102.493.287-71 | I128: DEBORA SANTOS POPPE DO VALLE | J128: 112.605.187-01 | N128: 498 | O128: Parcelas Mensais | P128: 11 | Q128: 45682 | R128: 15000 | S128: 15469.11 | T128: 0 | U128: 0 | V128: 0 | W128: 15469.11 | Z128: =IF(X128>0,"Paga",IF(Q128>$AA$1,"A vencer","Em atraso")) -> A vencer
A129: 11 | B129: CJ AMARILIS RESIDENCIAL SPE LTDA | C129: 14 | D129: Eleva Cidade Jardim | E129: 2 | F129: 2 | G129: RAFAEL PAIVA POPPE DO VALLE | H129: 102.493.287-71 | I129: DEBORA SANTOS POPPE DO VALLE | J129: 112.605.187-01 | N129: 498 | O129: Parcelas Semestrais | P129: 12 | Q129: 45713 | R129: 410000 | S129: 422822.35 | T129: 0 | U129: 0 | V129: 0 | W129: 422822.35 | Z129: =IF(X129>0,"Paga",IF(Q129>$AA$1,"A vencer","Em atraso")) -> A vencer
A130: 11 | B130: CJ AMARILIS RESIDENCIAL SPE LTDA | C130: 14 | D130: Eleva Cidade Jardim | E130: 2 | F130: 2 | G130: RAFAEL PAIVA POPPE DO VALLE | H130: 102.493.287-71 | I130: DEBORA SANTOS POPPE DO VALLE | J130: 112.605.187-01 | N130: 498 | O130: Parcelas Mensais | P130: 13 | Q130: 45741 | R130: 15000 | S130: 15469.11 | T130: 0 | U130: 0 | V130: 0 | W130: 15469.11 | Z130: =IF(X130>0,"Paga",IF(Q130>$AA$1,"A vencer","Em atraso")) -> A vencer
A131: 11 | B131: CJ AMARILIS RESIDENCIAL SPE LTDA | C131: 14 | D131: Eleva Cidade Jardim | E131: 2 | F131: 2 | G131: RAFAEL PAIVA POPPE DO VALLE | H131: 102.493.287-71 | I131: DEBORA SANTOS POPPE DO VALLE | J131: 112.605.187-01 | N131: 498 | O131: Parcelas Mensais | P131: 14 | Q131: 45772 | R131: 15000 | S131: 15469.11 | T131: 0 | U131: 0 | V131: 0 | W131: 15469.11 | Z131: =IF(X131>0,"Paga",IF(Q131>$AA$1,"A vencer","Em atraso")) -> A vencer
A132: 11 | B132: CJ AMARILIS RESIDENCIAL SPE LTDA | C132: 14 | D132: Eleva Cidade Jardim | E132: 2 | F132: 2 | G132: RAFAEL PAIVA POPPE DO VALLE | H132: 102.493.287-71 | I132: DEBORA SANTOS POPPE DO VALLE | J132: 112.605.187-01 | N132: 498 | O132: Parcelas Mensais | P132: 15 | Q132: 45802 | R132: 15000 | S132: 15469.11 | T132: 0 | U132: 0 | V132: 0 | W132: 15469.11 | Z132: =IF(X132>0,"Paga",IF(Q132>$AA$1,"A vencer","Em atraso")) -> A vencer
A133: 11 | B133: CJ AMARILIS RESIDENCIAL SPE LTDA | C133: 14 | D133: Eleva Cidade Jardim | E133: 2 | F133: 2 | G133: RAFAEL PAIVA POPPE DO VALLE | H133: 102.493.287-71 | I133: DEBORA SANTOS POPPE DO VALLE | J133: 112.605.187-01 | N133: 498 | O133: Parcelas Mensais | P133: 16 | Q133: 45833 | R133: 15000 | S133: 15469.11 | T133: 0 | U133: 0 | V133: 0 | W133: 15469.11 | Z133: =IF(X133>0,"Paga",IF(Q133>$AA$1,"A vencer","Em atraso")) -> A vencer
A134: 11 | B134: CJ AMARILIS RESIDENCIAL SPE LTDA | C134: 14 | D134: Eleva Cidade Jardim | E134: 2 | F134: 2 | G134: RAFAEL PAIVA POPPE DO VALLE | H134: 102.493.287-71 | I134: DEBORA SANTOS POPPE DO VALLE | J134: 112.605.187-01 | N134: 498 | O134: Parcelas Mensais | P134: 17 | Q134: 45863 | R134: 15000 | S134: 15469.11 | T134: 0 | U134: 0 | V134: 0 | W134: 15469.11 | Z134: =IF(X134>0,"Paga",IF(Q134>$AA$1,"A vencer","Em atraso")) -> A vencer
A135: 11 | B135: CJ AMARILIS RESIDENCIAL SPE LTDA | C135: 14 | D135: Eleva Cidade Jardim | E135: 2 | F135: 2 | G135: RAFAEL PAIVA POPPE DO VALLE | H135: 102.493.287-71 | I135: DEBORA SANTOS POPPE DO VALLE | J135: 112.605.187-01 | N135: 498 | O135: Parcelas Semestrais | P135: 18 | Q135: 45894 | R135: 410000 | S135: 422822.35 | T135: 0 | U135: 0 | V135: 0 | W135: 422822.35 | Z135: =IF(X135>0,"Paga",IF(Q135>$AA$1,"A vencer","Em atraso")) -> A vencer
... A155: 11 | B155: CJ AMARILIS RESIDENCIAL SPE LTDA | C155: 14 | D155: Eleva Cidade Jardim | E155: 2 | F155: 2 | G155: RAFAEL PAIVA POPPE DO VALLE | H155: 102.493.287-71 | I155: DEBORA SANTOS POPPE DO VALLE | J155: 112.605.187-01 | N155: 498 | O155: Parcelas Mensais | P155: 38 | Q155: 46502 | R155: 1000 | S155: 1031.27 | T155: 0 | U155: 0 | V155: 0 | W155: 1031.27 | Z155: =IF(X155>0,"Paga",IF(Q155>$AA$1,"A vencer","Em atraso")) -> A vencer
A156: 11 | B156: CJ AMARILIS RESIDENCIAL SPE LTDA | C156: 14 | D156: Eleva Cidade Jardim | E156: 2 | F156: 2 | G156: RAFAEL PAIVA POPPE DO VALLE | H156: 102.493.287-71 | I156: DEBORA SANTOS POPPE DO VALLE | J156: 112.605.187-01 | N156: 498 | O156: Ato | P156: 1 | Q156: 45387 | R156: 276000 | S156: 0 | T156: 0 | U156: 0 | V156: 0 | W156: 0 | X156: 45387 | Y156: 276000 | Z156: =IF(X156>0,"Paga",IF(Q156>$AA$1,"A vencer","Em atraso")) -> Paga
A157: 11 | B157: CJ AMARILIS RESIDENCIAL SPE LTDA | C157: 14 | D157: Eleva Cidade Jardim | E157: 2 | F157: 2 | G157: RAFAEL PAIVA POPPE DO VALLE | H157: 102.493.287-71 | I157: DEBORA SANTOS POPPE DO VALLE | J157: 112.605.187-01 | N157: 498 | O157: Parcelas Mensais | P157: 2 | Q157: 45407 | R157: 10000 | S157: 0 | T157: 0 | U157: 0 | V157: 0 | W157: 0 | X157: 45414 | Y157: 10000 | Z157: =IF(X157>0,"Paga",IF(Q157>$AA$1,"A vencer","Em atraso")) -> Paga
A158: 11 | B158: CJ AMARILIS RESIDENCIAL SPE LTDA | C158: 14 | D158: Eleva Cidade Jardim | E158: 2 | F158: 2 | G158: RAFAEL PAIVA POPPE DO VALLE | H158: 102.493.287-71 | I158: DEBORA SANTOS POPPE DO VALLE | J158: 112.605.187-01 | N158: 498 | O158: Parcelas Mensais | P158: 3 | Q158: 45437 | R158: 10000 | S158: 0 | T158: 0 | U158: 0 | V158: 0 | W158: 0 | X158: 45439 | Y158: 10028 | Z158: =IF(X158>0,"Paga",IF(Q158>$AA$1,"A vencer","Em atraso")) -> Paga
A159: 11 | B159: CJ AMARILIS RESIDENCIAL SPE LTDA | C159: 14 | D159: Eleva Cidade Jardim | E159: 2 | F159: 2 | G159: RAFAEL PAIVA POPPE DO VALLE | H159: 102.493.287-71 | I159: DEBORA SANTOS POPPE DO VALLE | J159: 112.605.187-01 | N159: 498 | O159: Parcelas Mensais | P159: 4 | Q159: 45468 | R159: 50000 | S159: 0 | T159: 0 | U159: 0 | V159: 0 | W159: 0 | X159: 45469 | Y159: 50400.73 | Z159: =IF(X159>0,"Paga",IF(Q159>$AA$1,"A vencer","Em atraso")) -> Paga
A160: 11 | B160: CJ AMARILIS RESIDENCIAL SPE LTDA | C160: 14 | D160: Eleva Cidade Jardim | E160: 2 | F160: 2 | G160: RAFAEL PAIVA POPPE DO VALLE | H160: 102.493.287-71 | I160: DEBORA SANTOS POPPE DO VALLE | J160: 112.605.187-01 | N160: 498 | O160: Parcelas Mensais | P160: 5 | Q160: 45498 | R160: 10000 | S160: 0 | T160: 0 | U160: 0 | V160: 0 | W160: 0 | X160: 45502 | Y160: 10166.83 | Z160: =IF(X160>0,"Paga",IF(Q160>$AA$1,"A vencer","Em atraso")) -> Paga
A161: 11 | B161: CJ AMARILIS RESIDENCIAL SPE LTDA | C161: 14 | D161: Eleva Cidade Jardim | E161: 2 | F161: 2 | G161: RAFAEL PAIVA POPPE DO VALLE | H161: 102.493.287-71 | I161: DEBORA SANTOS POPPE DO VALLE | J161: 112.605.187-01 | N161: 498 | O161: Parcelas Semestrais | P161: 6 | Q161: 45529 | R161: 410000 | S161: 0 | T161: 0 | U161: 0 | V161: 0 | W161: 0 | X161: 45532 | Y161: 419799.79 | Z161: =IF(X161>0,"Paga",IF(Q161>$AA$1,"A vencer","Em atraso")) -> Paga

Sheet Resumo
A1: Empresa | B1: CJ AMARILIS RESIDENCIAL SPE LTDA
A2: Nome do Empreendimento | B2: Eleva Cidade Jardim
A3: Data Base | B3: 45551
A5: Empresa | B5: Empreendimento | C5: Unidade Principal | D5: Nome do Cliente | E5: CPF/CNPJ cliente | F5: Nome do Cliente Secundário | G5: CPF/CNPJ cliente secundário | H5: Data da Venda | I5: Valor de Venda | J5: Valor Pago | K5: Saldo em aberto
A6: CJ AMARILIS RESIDENCIAL SPE LTDA | B6: Eleva Cidade Jardim | C6: 1 | D6: GABRIEL ALVES DA COSTA | E6: 434.674.070-72 | F6: RENATA CAMPETTI AMARAL | G6: 917.645.130-53 | H6: 45409 | I6: 7125000 | J6: =SUMIF('relatorio - Eleva Cidade Jardim'!E:E,Resumo!C6,'relatorio - Eleva Cidade Jardim'!Y:Y) -> 373150.54 | K6: =SUMIFS('relatorio - Eleva Cidade Jardim'!W:W,'relatorio - Eleva Cidade Jardim'!E:E,Resumo!C6,'relatorio - Eleva Cidade Jardim'!Z:Z,"A vencer") -> 6445462.6
A7: CJ AMARILIS RESIDENCIAL SPE LTDA | B7: Eleva Cidade Jardim | C7: 5 | D7: JOSE ROBERTO CANTO PORTO | E7: 144.377.568-19 | F7: RENATA MALTA CANTO PORTO | G7: 281.928.238-57 | H7: 45540 | I7: 6219460 | J7: =SUMIF('relatorio - Eleva Cidade Jardim'!E:E,Resumo!C7,'relatorio - Eleva Cidade Jardim'!Y:Y) -> 422660 | K7: =SUMIFS('relatorio - Eleva Cidade Jardim'!W:W,'relatorio - Eleva Cidade Jardim'!E:E,Resumo!C7,'relatorio - Eleva Cidade Jardim'!Z:Z,"A vencer") -> 5796800
A8: CJ AMARILIS RESIDENCIAL SPE LTDA | B8: Eleva Cidade Jardim | C8: 4 | D8: PAULO RICARDO WESTIN MARCON | E8: 088.955.556-78 | F8: VERONICA VALENTINI | G8: 409.581.828-09 | H8: 45380 | I8: 4869700 | J8: =SUMIF('relatorio - Eleva Cidade Jardim'!E:E,Resumo!C8,'relatorio - Eleva Cidade Jardim'!Y:Y) -> 543612.9 | K8: =SUMIFS('relatorio - Eleva Cidade Jardim'!W:W,'relatorio - Eleva Cidade Jardim'!E:E,Resumo!C8,'relatorio - Eleva Cidade Jardim'!Z:Z,"A vencer") -> 4435080
A9: CJ AMARILIS RESIDENCIAL SPE LTDA | B9: Eleva Cidade Jardim | C9: 2 | D9: RAFAEL PAIVA POPPE DO VALLE | E9: 102.493.287-71 | F9: DEBORA SANTOS POPPE DO VALLE | G9: 112.605.187-01 | H9: 45385 | I9: 6576000 | J9: =SUMIF('relatorio - Eleva Cidade Jardim'!E:E,Resumo!C9,'relatorio - Eleva Cidade Jardim'!Y:Y) -> 776395.35 | K9: =SUMIFS('relatorio - Eleva Cidade Jardim'!W:W,'relatorio - Eleva Cidade Jardim'!E:E,Resumo!C9,'relatorio - Eleva Cidade Jardim'!Z:Z,"A vencer") -> 5960763.8
